 Dungeon Crawl Stone Soup version 0.28.0-53-g5a82cb258f (webtiles) character file.

Game seed: 4732924401243884170

2758 Ethylacetat the Arsonist (level 9, -1/68 HPs)
             Began as a Naga Fire Elementalist on Aug 10, 2022.
             Was an Initiate of Vehumet.
             Slain by a two-headed ogre
             ... wielding a +0 giant spiked club
              (14 damage)
             ... on level 8 of the Dungeon.
             The game lasted 00:20:28 (7767 turns).

Ethylacetat the Arsonist (Naga Fire Elementalist)   Turns: 7767, Time: 00:20:29

Health: -1/68      AC:  4    Str: 10    XL:     9   Next: 69%
Magic:  12/17      EV: 10    Int: 21    God:    Vehumet [......]
Gold:   389        SH:  0    Dex: 11    Spells: 16/19 levels left

rFire   + . .      SeeInvis +   p - staff of fire
rCold   . . .      Faith    .   (no shield)
rNeg    + . .      Spirit   .   a - +0 robe
rPois   +          Reflect  .   (no helmet)
rElec   .          Harm     .   (no cloak)
rCorr   .          Rampage  .   (no gloves)
Will    +....                   (no barding)
Stlth   ++........              v - amulet of magic regeneration
HPRegen 0.21/turn               u - ring of positive energy
MPRegen 0.55/turn               (no ring)

@: very slow
A: AC +3, large, see invisible, deformed body, poison resistance, slowness 2,
spit poison 1, naga tail 1
a: Spit Poison, Renounce Religion


You were on level 8 of the Dungeon.
You worshipped Vehumet.
Vehumet was noncommittal.
You visited 2 branches of the dungeon, and saw 9 of its levels.

You collected 389 gold pieces.

Inventory:

Missiles
 A - a throwing net
Armour
 a - a +0 robe (worn)
Magical Staves
 p - a staff of fire (weapon)
Jewellery
 m - a ring of flight
 u - a ring of positive energy (left hand)
 v - an amulet of magic regeneration (around neck)
Wands
 g - a wand of flame (41)
 q - a wand of mindburst (12)
 s - a wand of polymorph (8)
Scrolls
 c - 10 scrolls of identify {unknown}
 f - 2 scrolls of immolation {unknown}
 j - 2 scrolls of vulnerability {unknown}
 k - 3 scrolls of fear {unknown}
 o - a scroll of fog {unknown}
 r - 2 scrolls of noise {unknown}
 w - a scroll of teleportation {unknown}
 y - a scroll of amnesia {unknown}
Potions
 b - a potion of magic {unknown}
 d - 4 potions of might {unknown}
 e - a potion of cancellation {unknown}
 h - 2 potions of flight {unknown}
 i - a potion of brilliance {unknown}
 l - 4 potions of ambrosia {unknown}
 n - 3 potions of curing {unknown}
 t - a potion of mutation {unknown}
 x - a potion of haste {unknown}
 z - 3 potions of lignification {unknown}


   Skills:
 - Level 1.8 Dodging
 - Level 3.4 Stealth
 + Level 5.5 Spellcasting
 * Level 8.2 Conjurations
 * Level 8.7 Fire Magic


You had 16 spell levels left.
You knew the following spells:

 Your Spells              Type           Power      Damage    Failure   Level
a - Foxfire               Conj/Fire      100%       2x1d9     1%          1
b - Scorch                Fire           100%       2d10      1%          2

Your spell library contained the following spells:

 Spells                   Type           Power      Damage    Failure   Level
 Magic Dart               Conj           100%       1d8       1%          1
 Conjure Flame            Conj/Fire      58%        6-21      1%          3
 Flame Wave               Conj/Fire      58%        2d11      3%          4
 Inner Flame              Hex/Fire       36%        N/A       4%          3
 Mephitic Cloud           Conj/Pois/Air  17%        N/A       10%         3
 Call Imp                 Summ           5%         N/A       16%         2
 Sublimation of Blood     Necr           5%         N/A       16%         2
 Wereblood                Tmut           5%         N/A       16%         2
 Summon Hydra             Summ           2%         N/A       100%        7


Dungeon Overview and Level Annotations

Branches:
Dungeon (8/15)             Temple (1/1) D:7
   Lair: D:8-11

Altars:
Ashenzari
Cheibriados
Dithmenos
Elyvilon
Hepliaklqana
Kikubaaqudgha
Makhleb
Okawaru
Qazlal
Ru
Sif Muna
Trog
Uskayaw
Vehumet
Wu Jian
Xom


Innate Abilities, Weirdness & Mutations

Your serpentine skin is tough. (AC +3)
You have supernaturally acute eyesight. (SInv)
Armour fits poorly on your strangely shaped body.
Your system is resistant to poisons. (rPois)
You cover ground very slowly.
You can spit poison.
You have a snake-like lower body.


Message History

Casting: Scorch (safe; 1% risk of failure)
Confirm with . or Enter, or press ? or * to list all spells.
You feel a surge of power!
You conjure some foxfire!
Aiming: Spit Poison (1% risk of failure)
Press: ? - help, Shift-Dir - straight line, f - two-headed ogre
Aim: a two-headed ogre, wielding a +0 giant spiked club and a +0 giant club (ally target, 83% to hit)
The splash of poison misses the two-headed ogre.
The foxfire hits the wyvern.
The wyvern is lightly wounded.
The foxfire hits the wyvern but does no damage.
The wyvern is lightly wounded.
Casting: Foxfire (safe; 1% risk of failure)
Confirm with . or Enter, or press ? or * to list all spells.
You feel a surge of power!
You conjure some foxfire!
The wyvern barely misses you. The wyvern bites you!
The two-headed ogre closely misses you. The two-headed ogre misses you.
Casting: Foxfire (safe; 1% risk of failure)
Confirm with . or Enter, or press ? or * to list all spells.
You feel a surge of power!
You conjure some foxfire!
You have got your breath back.
The foxfire hits the wyvern but does no damage.
The wyvern is lightly wounded.
The foxfire hits the wyvern.
The wyvern is moderately wounded.
The wyvern bites you!
Casting: Foxfire (safe; 1% risk of failure)
Confirm with . or Enter, or press ? or * to list all spells.
You feel a surge of power!
Flames lash the two-headed ogre.
The two-headed ogre is lightly wounded.
The two-headed ogre's fire resistance burns away.
You hear a shout! x2
The foxfire hits the wyvern but does no damage.
The wyvern is moderately wounded.
The foxfire hits the wyvern but does no damage.
The wyvern is moderately wounded.
The wyvern bites you but does no damage.
The two-headed ogre hits you with a +0 giant spiked club!!
* * * LOW HITPOINT WARNING * * *
The two-headed ogre hits you with a +0 giant club!
You die...

##.# .
...######
..#####........
............(#
.............##
..............#
#.....Ol...=..#
#......@.......
#.....§§†.....#
...........##.#
......####.#
#..... .#
###... # ##. ##


You could see a two-headed ogre (combustible) and a wyvern.

Vanquished Creatures
  Joseph (D:7)
  Maggie (D:7)
  A troll (D:6)
  Grinder (D:6)
  2 black bears
  A necrophage (D:7)
  5 ogres
  A centaur (D:7)
  A kobold brigand (D:7)
  A bullfrog (D:8)
  2 scorpions
  2 howler monkeys (D:7)
  A centaur zombie (D:6)
  2 centaur skeletons
  2 hounds (D:6)
  A jelly (D:6)
  Ijyb (D:5)
  3 iguanas (D:6)
  A hound zombie (D:5)
  15 gnolls
  5 adders
  A shadow imp (D:7)
  3 white imps (D:7)
  2 ufetubi
  A worm (D:2)
  A dart slug (D:1)
  8 orcs
  7 ball pythons
  2 bats (D:3)
  4 endoplasms
  5 giant cockroaches
  7 goblins
  8 hobgoblins
  9 jackals
  9 kobolds
  11 quokkas
  4 frilled lizards
  5 rats
137 creatures vanquished.

Vanquished Creatures (collateral kills)
  3 foxfires (D:6)
3 creatures vanquished.

Vanquished Creatures (others)
  207 foxfires
207 creatures vanquished.

Grand Total: 347 creatures vanquished

Notes
Turn   | Place    | Note
-------+----------+-------------------------------------------
     0 | D:1      | Ethylacetat the Naga Fire Elementalist began the quest for
                  | the Orb.
     0 | D:1      | Reached XP level 1. HP: 15/15 MP: 3/3
   360 | D:1      | Reached XP level 2. HP: 22/22 MP: 0/5
   788 | D:1      | Reached XP level 3. HP: 28/28 MP: 2/6
  1693 | D:2      | Reached XP level 4. HP: 17/36 MP: 2/7
  2121 | D:2      | Learned a level 2 spell: Scorch
  2281 | D:2      | Reached XP level 5. HP: 42/42 MP: 3/9
  2361 | D:2      | You fall into a shaft and drop 2 floors!
  2916 | D:2      | Found a shimmering altar of Xom.
  3016 | D:2      | Found a faded altar of an unknown god.
  4587 | D:4      | Noticed an ogre
  4593 | D:4      | Killed an ogre
  4594 | D:4      | Reached XP level 6. HP: 49/49 MP: 5/10
  4924 | D:5      | Entered Level 5 of the Dungeon
  4972 | D:5      | Reached skill level 5 in Fire Magic
  5147 | D:5      | Reached XP level 7. HP: 55/55 MP: 1/12
  5492 | D:5      | Reached skill level 5 in Conjurations
  5604 | D:5      | Noticed Ijyb
  5611 | D:5      | Killed Ijyb
  5982 | D:6      | Noticed Grinder
  5987 | D:6      | Killed Grinder
  5987 | D:6      | Noticed a troll
  5988 | D:6      | Reached XP level 8. HP: 61/62 MP: 2/14
  6370 | D:7      | Noticed Maggie
  6376 | D:7      | Killed Maggie
  6471 | D:7      | Reached XP level 9. HP: 68/68 MP: 16/16
  6607 | D:7      | Noticed Joseph
  6612 | D:7      | Killed Joseph
  6613 | D:7      | Reached skill level 5 in Spellcasting
  6716 | D:7      | Found a staircase to the Ecumenical Temple.
  6725 | Temple   | Entered the Ecumenical Temple
  6784 | Temple   | Became a worshipper of Vehumet
  6960 | D:6      | Killed a troll
  7760 | D:8      | Noticed a two-headed ogre
  7767 | D:8      | Slain by a two-headed ogre

Illustrated notes

Levels and vault maps discovered:
D:1:      dpeg_arrival_fog, layout_loops_ring, wad_floor_pattern_1,
          minmay_crystal_room, hangedman_decor_points, minmay_tetromino_s2
D:2:      layout_loops_ring, nicolae_ecumenical_oubliette, basic_altar
D:3:      layout_loops_ring
D:4:      layout_loops_ring
D:5:      layout_loops_ring, chequers_avenue, uniq_ijyb
D:6:      layout_basic, serial_bayou_pond_a, uniq_grinder
D:7:      layout_cave_pools, minmay_temple_entry_antechambers,
          minmay_misc_feat_enclosed, uniq_joseph, uniq_maggie
D:8:      minmay_the_grid_plus_closed [minmay_the_grid_tiny_cups,
          minmay_the_grid_embedded, minmay_the_grid_minigrid_small_alt,
          minmay_the_grid_small_cups, minmay_the_grid_prize_diamond_cup],
          layout_basic, dpeg_oklobed_lair, enter_bailey_2, serial_park_tiny_1
Temple:   regret_index_temple_sigil_plot

Skill      XL: |  1  2  3  4  5  6  7  8  9 |
---------------+----------------------------+-----
Conjurations   | 2 3 4 5 7 8 |  8.2
Fire Magic     | 4 5 6 7 8 |  8.7
Spellcasting   | 3 4 5 |  5.5
Dodging        | |  1.8
Stealth        | |  3.4

Action                   |  1- 3 |  4- 6 |  7- 9 || total
-------------------------+-------+-------+-------++-------
Melee: Club              |    27 |    29 |       ||    56
       Unarmed           |     1 |       |       ||     1
       Punch             |     1 |       |       ||     1
       Staff             |       |     4 |       ||     4
 Cast: Foxfire           |    60 |    17 |    45 ||   122
       Scorch            |       |    39 |    78 ||   117
 Abil: Spit Poison       |     3 |    34 |    17 ||    54
Armor: Robe              |     8 |     6 |    13 ||    27
Dodge: Dodged            |    25 |    37 |    21 ||    83
